 Dungeon Crawl Stone Soup version 0.21.0-3-g78d12a8 (console) character file.

13987 ahub the Fighter (level 11, -1/92 HPs)
             Began as a Demonspawn Fighter on Jan 12, 2018.
             Was the Champion of Cheibriados.
             Killed from afar by a fire dragon (11 damage)
             ... with a blast of flame
             ... on level 13 of the Dungeon.
             The game lasted 00:28:19 (10352 turns).

ahub the Fighter (Demonspawn Fighter)              Turns: 10352, Time: 00:28:20

Health: -1/92      AC: 11    Str: 38    XL:     11   Next: 82%
Magic:  9/9        EV: 10    Int: 25    God:    Cheibriados [******]
Gold:   280        SH:  0    Dex: 28    Spells: 10/10 levels left

rFire    + . .     SeeInvis .   v - +9 dagger of the Globe {pierce, Str+4}
rCold    + . .     Gourm    .   (no shield)
rNeg     + . .     Faith    .   b - +1 scale mail
rPois    .         Spirit   .   (helmet restricted)
rElec    .         Reflect  .   E - scarf {rC+ rF+}
rCorr    +         Harm     .   (no gloves)
MR       .....                  (no boots)
Stlth    +.........             (no amulet)
HPRegen  0.65/turn              h - ring of positive energy
MPRegen  0.11/turn              s - ring of resist corrosion

@: about to teleport, very slow
A: antennae 1, iridescent scales 1, demonic guardian 1, low mp 1, sense
surroundings 1, regeneration 1, spiny 2
a: Bend Time, Temporal Distortion, Slouch, Step From Time, Renounce Religion


You were on level 13 of the Dungeon.
You worshipped Cheibriados.
Cheibriados was exalted by your worship.
You were not hungry.

You visited 1 branch of the dungeon, and saw 13 of its levels.

You collected 651 gold pieces.
You spent 371 gold pieces at shops.

Inventory:

Hand Weapons
 a - a +1 long sword
 v - the +9 dagger of the Globe (weapon) {pierce, Str+4}
   (You found it on level 4 of the Dungeon)

   It inflicts extra damage upon your enemies.
   It affects your strength (+4).
 G - the +4 long sword "Adyse" {venom, rPois rF- Dex+3}
   (You bought it in a shop on level 12 of the Dungeon)

   It poisons the flesh of those it strikes.
   It affects your dexterity (+3).
   It makes you vulnerable to fire.
   It protects you from poison.
Armour
 b - a +1 scale mail (worn)
 E - a scarf of resistance (worn)
Jewellery
 h - a ring of positive energy (left hand)
 j - the amulet "Fuurast" {Inacc rF+ Stlth+}
   (You found it on level 10 of the Dungeon)

   [amulet of inaccuracy]

   It reduces the accuracy of all your attacks.
   It protects you from fire.
   It makes you more stealthy.
 k - an uncursed ring of fire
 s - a ring of resist corrosion (right hand)
Wands
 n - a wand of iceblast (18)
 u - a wand of enslavement (33)
 y - a wand of polymorph (16)
 A - a wand of flame (36)
 B - a wand of disintegration (21)
 C - a wand of scattershot (5)
Scrolls
 e - 2 scrolls of teleportation
 g - 2 scrolls of random uselessness
 i - 7 scrolls of remove curse
 l - a scroll of noise
 o - 2 scrolls of enchant armour
 q - a scroll of enchant weapon
 x - 2 scrolls of identify
 D - a scroll of acquirement {unknown}
 F - 2 scrolls of blinking
Potions
 c - 4 potions of lignification
 d - 2 potions of might
 m - 3 potions of flight
 p - 3 potions of haste
 r - 2 potions of cancellation
 t - 4 potions of brilliance
 w - 3 potions of berserk rage
 z - a potion of agility
 I - 2 potions of mutation
Books
 J - a book of Air

   Spells                             Type                      Level
   a - Shock                          Conjuration/Air              1
   b - Swiftness                      Charms/Air                   2
   c - Static Discharge               Conjuration/Air              3
   d - Airstrike                      Air                          4
   e - Lightning Bolt                 Conjuration/Air              5
Comestibles
 f - 22 rations


   Skills:
 + Level 10.7 Fighting
 - Level 9.9(10.5) Short Blades
 * Level 5.8(8.6) Long Blades
 + Level 9.9 Armour
 - Level 0.3 Dodging
   Level 3.6 Shields


You had 10 spell levels left.
You didn't know any spells.

Dungeon Overview and Level Annotations

Branches:
Dungeon (13/15)            Temple (0/1) D:7
   Lair: D:8-11         Orc: D:9-12      Vaults: D:13-14

Altars:
Cheibriados
Dithmenos
Makhleb
Beogh

Shops:
D:10 [   D:12 !(((


Innate Abilities, Weirdness & Mutations

You have a pair of small antennae on your head.
You are partially covered in iridescent scales. (AC +2)
A weak demonic guardian rushes to your aid.
You are mostly covered in sharp spines.
Your magical capacity is low. (-10% MP)
You passively map a small area around you.
Your natural rate of healing is unusually fast.


Message History

The fire dragon bites you.
* * * LOW HITPOINT WARNING * * *
The fire dragon claws you.
* * * LOW HITPOINT WARNING * * *
The fire dragon barely misses you.
You hit the ice dragon but do no damage.
The ice dragon is lightly wounded.
Your white imp gestures at the fire dragon.
The puff of frost hits the ice dragon.
The ice dragon appears unharmed.
The ice dragon breathes frost at you. The blast of cold hits you! You resist.
* * * LOW HITPOINT WARNING * * *
You puncture the ice dragon!
The ice dragon is lightly wounded.
The ice dragon closely misses you. The ice dragon claws you!
* * * LOW HITPOINT WARNING * * *
The ice dragon tramples you but does no damage.
The fire dragon breathes flames at you. The blast of flame hits you!
You resist.
You die...

* * ..[......# ,
.........# * * ,
*#######..# ≈#....#..#
, ≈#..⌠.#..### *
##....#.D..# ,
..[...'.D..#####. *
...####DD@....... , ,
⌠..#≈≈#5.###+#### , , *
...#≈§#..# , , , ,
,**#######..# ,, , ,
.........# , , ,
,..#...#..# , *
,.,#...#..#, , * , .
#..,#..###########.
....##'##..............
, , ...............##
#.. * *
...............#, #..


You could see 2 fire dragons, 2 ice dragons and a friendly white imp.

Vanquished Creatures
  Erolcha (D:11)
  A hydra (D:12)
  3 two-headed ogres
  A tengu warrior (D:10)
  The ghost of Amaterasu the Slicer, a novice HuGl of Ru (D:7)
  An unseen horror (D:12)
  The ghost of Fingolfin the Cleaver, a novice FoFi (D:5)
  An ugly thing (D:11)
  A cyclops (D:12)
  A gargoyle (D:11)
  3 trolls
  Grinder (D:5)
  A hippogriff (D:12)
  4 slime creatures (D:12)
  A yak (D:11)
  A wyvern (D:11)
  A hungry ghost (D:7)
  2 vampire mosquitoes (D:12)
  2 orc warriors
  A hornet zombie (D:9)
  2 ice beasts
  3 phantoms
  2 sky beasts
  4 ogres
  An eye of draining (D:10)
  4 centaurs
  2 big kobolds
  A wyvern zombie (D:9)
  5 bullfrogs
  A wyvern skeleton (D:12)
  3 scorpions
  18 killer bees
  An electric eel (D:11)
  6 howler monkeys
  3 crimson imps
  A bullfrog zombie (D:5)
  3 centaur zombies
  4 orc priests
  7 hounds
  5 jellies
  3 orc wizards
  2 bullfrog skeletons
  2 centaur skeletons
  2 iguanas (D:4)
  9 worker ants
  A hound skeleton (D:9)
  A howler monkey zombie (D:7)
  2 worker ant zombies (D:8)
  3 gnolls (D:2)
  4 adders
  A worm (D:2)
  4 dart slugs
  7 leopard geckos
  13 orcs
  6 giant cockroaches
  5 goblins
  9 hobgoblins
  9 jackals
  32 kobolds
  8 quokkas
  2 ball pythons
  3 bats
  3 frilled lizards
  A jackal skeleton (D:6)
  A quokka skeleton (D:4)
  6 rats
244 creatures vanquished.

Vanquished Creatures (collateral kills)
  2 sky beasts
  2 ogres
  A howler monkey (D:11)
  A crimson imp (D:11)
  A jelly (D:11)
  Natasha (thrice) (D:2)
  An orc (D:8)
  2 jackals (D:2)
  2 quokkas
15 creatures vanquished.

Vanquished Creatures (others)
  7 plants (D:11)
7 creatures vanquished.

Grand Total: 266 creatures vanquished

Notes
Turn   | Place    | Note
-------+----------+-------------------------------------------
     0 | D:1      | ahub the Demonspawn Fighter began the quest for the Orb.
     0 | D:1      | Reached XP level 1. HP: 18/18 MP: 1/1
    96 | D:1      | Gained mutation: You are partially covered in iridescent scales. (AC +2) [demonic ancestry]
    96 | D:1      | Reached XP level 2. HP: 22/24 MP: 2/2
   493 | D:1      | Gained mutation: A weak demonic guardian rushes to your aid. [demonic ancestry]
   493 | D:1      | Reached XP level 3. HP: 25/29 MP: 3/3
   571 | D:2      | Found a snail-covered altar of Cheibriados.
   671 | D:2      | Noticed Natasha
   679 | D:2      | Killed Natasha
   782 | D:2      | Noticed Natasha
   791 | D:2      | Killed Natasha
   791 | D:2      | Reached XP level 4. HP: 20/35 MP: 4/4
   826 | D:2      | Noticed Natasha
   845 | D:2      | Killed Natasha
  1430 | D:2      | Became a worshipper of Cheibriados the Contemplative
  1879 | D:3      | Reached XP level 5. HP: 41/42 MP: 5/5
  1903 | D:3      | Reached skill level 4 in Fighting
  2019 | D:3      | Reached * piety under Cheibriados
  2053 | D:4      | Got an ichor-stained dagger
  2054 | D:4      | Identified the +9 dagger of the Globe {pierce, Str+4} (You found it on level 4 of the Dungeon)
  2217 | D:4      | Noticed an ogre
  2223 | D:4      | Killed an ogre
  2223 | D:4      | Reached skill level 1 in Short Blades
  2223 | D:4      | Reached XP level 6. HP: 26/48 MP: 6/6
  2906 | D:4      | Reached ** piety under Cheibriados
  3317 | D:5      | Entered Level 5 of the Dungeon
  3335 | D:5      | Noticed Grinder
  3348 | D:5      | Killed Grinder
  3348 | D:5      | Gained mutation: You are partially covered in sharp spines. [demonic ancestry]
  3348 | D:5      | Reached XP level 7. HP: 44/55 MP: 7/7
  3441 | D:5      | Noticed Fingolfin's ghost (novice FoFi)
  3453 | D:5      | Killed Fingolfin's ghost
  3453 | D:5      | Reached skill level 5 in Fighting
  3453 | D:5      | Reached skill level 5 in Armour
  3453 | D:5      | Gained mutation: You have a pair of small antennae on your head. [demonic ancestry]
  3453 | D:5      | Reached XP level 8. HP: 7/63 MP: 8/8
  3767 | D:5      | Gained mutation: Your natural rate of healing is unusually fast. [potion of mutation]
  3767 | D:5      | Gained mutation: Your magical capacity is low. (-10% MP) [potion of mutation]
  3767 | D:5      | Gained mutation: You passively map a small area around you. [potion of mutation]
  3771 | D:5      | Found a burning altar of Makhleb.
  3795 | D:5      | Reached skill level 5 in Short Blades
  4341 | D:6      | Reached skill level 6 in Fighting
  4850 | D:6      | Found a shadowy altar of Dithmenos.
  5241 | D:7      | Reached *** piety under Cheibriados
  5243 | D:7      | Gained mutation: You are mostly covered in sharp spines. [demonic ancestry]
  5243 | D:7      | Reached XP level 9. HP: 65/71 MP: 8/8
  5353 | D:7      | Found a staircase to the Ecumenical Temple.
  5646 | D:7      | Reached skill level 7 in Fighting
  5678 | D:7      | Noticed Amaterasu's ghost (novice HuGl)
  5691 | D:7      | Killed Amaterasu's ghost
  6130 | D:8      | Found a roughly hewn altar of Beogh.
  6139 | D:8      | Reached **** piety under Cheibriados
  6389 | D:8      | Noticed a two-headed ogre
  6396 | D:8      | Killed a two-headed ogre
  6396 | D:8      | Reached skill level 8 in Fighting
  6396 | D:8      | Reached XP level 10. HP: 38/80 MP: 9/9
  7299 | D:9      | Reached ***** piety under Cheibriados
  7626 | D:10     | Entered Level 10 of the Dungeon
  7628 | D:10     | Noticed a tengu warrior
  7666 | D:10     | Killed a tengu warrior
  7830 | D:10     | Found Jyidda's Antique Armour Boutique.
  7840 | D:10     | Got a fine bronze amulet
  7841 | D:10     | Identified the amulet "Fuurast" {Inacc rF+ Stlth+} (You found it on level 10 of the Dungeon)
  7844 | D:10     | Bought a glowing scarf for 184 gold pieces
  8425 | D:11     | Reached skill level 9 in Fighting
  8455 | D:11     | HP: 3/83 [troll (5)]
  8712 | D:11     | Noticed a green ugly thing
  8713 | D:11     | Noticed Erolcha
  8720 | D:11     | Killed a green ugly thing
  8720 | D:11     | Reached XP level 11. HP: 80/89 MP: 9/9
  8732 | D:11     | Killed Erolcha
  9231 | D:12     | Reached skill level 10 in Fighting
  9295 | D:12     | Found Rol Qonk's Antique Weapon Shop.
  9303 | D:12     | Bought a faintly glowing long sword for 187 gold pieces
  9303 | D:12     | Identified the +4 long sword "Adyse" {venom, rPois rF- Dex+3} (You bought it in a shop on level 12 of the Dungeon)
  9342 | D:12     | HP: 3/90 [slime creature (6)]
  9541 | D:12     | Found Eleet's Distillery.
  9541 | D:12     | Noticed a two-headed ogre
  9566 | D:12     | Killed a two-headed ogre
  9718 | D:12     | Killed an unseen horror
  9817 | D:12     | Found Fysi's Weapon Shop.
  9817 | D:12     | Noticed a two-headed ogre
  9823 | D:12     | Killed a two-headed ogre
  9823 | D:12     | Reached skill level 5 in Long Blades
  9871 | D:12     | Noticed a six-headed hydra
  9877 | D:12     | Killed a six-headed hydra
 10043 | D:12     | Found Sugeen's Weapon Boutique.
 10315 | D:13     | Found a runed door.
 10316 | D:13     | Found the +2 shield of Resistance {rF+ rC+ MR+}
 10316 | D:13     | Noticed a fire dragon
 10316 | D:13     | Noticed a fire dragon
 10317 | D:13     | Noticed an ice dragon
 10317 | D:13     | Noticed an ice dragon
 10328 | D:13     | Reached ****** piety under Cheibriados
 10352 | D:13     | Killed from afar by a fire dragon

Skill      XL: |  1  2  3  4  5  6  7  8  9 10 11 |
---------------+----------------------------------+-----
Long Blades    | 2 5 |  5.8
Armour         | 3 4 5 6 7 8 9 |  9.9
Shields        | 3 |  3.6
Fighting       | 4 5 6 8 9 10 | 10.7
Short Blades   | 1 3 4 6 8 9 |  9.9
Dodging        | |  0.3

Action                   |  1- 3 |  4- 6 |  7- 9 | 10-12 || total
-------------------------+-------+-------+-------+-------++-------
Melee: Long sword        |    81 |   135 |       |       ||   216
       Dagger            |       |    83 |   189 |   279 ||   551
Evoke: Wand              |       |       |       |     1 ||     1
  Use: Potion            |       |     1 |     3 |     6 ||    10
       Scroll            |       |       |    16 |     3 ||    19
 Stab: Distracted        |       |       |     1 |     1 ||     2
  Eat: Chunk             |       |     7 |     2 |     3 ||    12
       Ration            |       |       |     1 |     1 ||     2
Armor: Scale mail        |    38 |    74 |    41 |   121 ||   274
Dodge: Dodged            |    31 |    65 |    58 |   134 ||   288
Block: Shield            |    41 |    97 |       |       ||   138
       Rpst.: Long sword |     7 |    16 |       |       ||    23
